 Dungeon Crawl Stone Soup version 0.28.0 (webtiles) character file.

Game seed: 13401128692024045727

35 BeingJoeMalik the Cutter (level 3, -6/21 HPs)
             Began as a Tengu Brigand on Feb 11, 2022.
             Killed from afar by Sigmund (9 damage)
             ... with a puff of flame
             ... on level 2 of the Dungeon.
             The game lasted 00:04:09 (1556 turns).

BeingJoeMalik the Cutter (Tengu Brigand)            Turns: 1556, Time: 00:04:10

Health: -6/21      AC:  3    Str: 11    XL:     3   Next: 35%
Magic:  4/4        EV: 12    Int: 11    God:
Gold:   82         SH:  0    Dex: 17    Spells: 2/2 levels left

rFire   . . .      SeeInvis .   j - +2 dagger (holy)
rCold   . . .      Faith    .   (no shield)
rNeg    . . .      Spirit   .   b - +0 robe
rPois   .          Reflect  .   (helmet restricted)
rElec   .          Harm     .   c - +0 cloak
rCorr   .          Rampage  .   (no gloves)
Will    .....                   (boots unavailable)
Stlth   +++.......              (no amulet)
HPRegen 0.07/turn               (no ring)
MPRegen 0.09/turn               (no ring)

@: attractive, flying
A: beak, talons 3
a: no special abilities


You were on level 2 of the Dungeon.
You visited 1 branch of the dungeon, and saw 2 of its levels.

You collected 82 gold pieces.

Inventory:

Hand Weapons
 a - a +2 dagger
 j - a +2 dagger of holy wrath (weapon)
Missiles
 d - 12 poisoned darts
 e - a curare-tipped dart (quivered)
Armour
 b - a +0 robe (worn)
 c - a +0 cloak (worn)
Scrolls
 f - 2 scrolls of teleportation {unknown}
 h - a scroll of enchant armour {unknown}
 k - a scroll of enchant weapon {unknown}
 l - a scroll of identify {unknown}
 m - a scroll of summoning {unknown}


   Skills:
 - Level 2.0 Fighting
 + Level 4.1 Short Blades
 - Level 2.0 Throwing
 - Level 1.1 Dodging
 - Level 4.0 Stealth


You had 2 spell levels left.
You didn't know any spells.
Your spell library was empty.

Dungeon Overview and Level Annotations

Branches:
Dungeon (2/15)

Altars:
Zin

Annotations:
D:2 Sigmund


Innate Abilities, Weirdness & Mutations

You have a beak for a mouth.
You have claws for feet.


Message History

Sigmund is poisoned.
Sigmund convulses.
Sigmund seems to slow down.
Sigmund is moderately wounded.
You hit Sigmund but do no damage.
Sigmund is moderately wounded.
Sigmund casts a spell.
Sigmund flickers and vanishes!
Deactivating autopickup; reactivate with Ctrl-A.
Unknown command.
You closely miss something. Your peck misses something. You hit something.
Your kick misses something. Something hits you.
You miss something. You claw something. Your peck misses something.
You barely miss something. Your kick misses something. You peck something.
The quokka bites you.
You closely miss something. Your kick misses something.
Your peck misses something.
You hear some strange, mumbled words.
Something tries to affect you, but you resist.
The quokka bites you.
You miss something. Your kick misses something. The quokka bites you.
Something hits you!
Ouch! That really hurt!
* * * LOW HITPOINT WARNING * * *
Unknown command.
It was a potion of flight.
You feel very buoyant.
You fly up into the air.
The quokka bites you.
* * * LOW HITPOINT WARNING * * *
It was a potion of attraction.
You feel attractive to monsters. The quokka closely misses you.
You miss something. The quokka closely misses you.
You hear some strange, mumbled words.
A puff of flame appears from out of thin air!
The puff of flame misses you.
You closely miss something. You claw something. The quokka misses you.
You hear some strange, mumbled words.
A puff of flame appears from out of thin air!
The puff of flame hits you!
You die...

###########
###########.........####
........................
#.......................
#.......................
...#...........##.......
...+.............r......
####...........#@###...
####...........#{#
..≈≈≈≈≈≈≈......#.#
...≈...≈.......#+###
....≈≈..................
...<...######...........
..÷.....................
##.....................
..
≈###.................#
.###


You could see a quokka.

Vanquished Creatures
  An adder (D:2)
  A dart slug (D:1)
  2 ball pythons
  3 bats
  3 endoplasms
  A giant cockroach (D:1)
  2 hobgoblins (D:1)
  2 jackals (D:1)
  A quokka (D:1)
  3 frilled lizards (D:2)
  2 goblins (D:2)
  2 kobolds
23 creatures vanquished.

Notes
Turn   | Place    | Note
-------+----------+-------------------------------------------
     0 | D:1      | BeingJoeMalik the Tengu Brigand began the quest for the
                  | Orb.
     0 | D:1      | Reached XP level 1. HP: 12/12 MP: 2/2
   387 | D:1      | Reached XP level 2. HP: 17/17 MP: 3/3
   704 | D:1      | Found a faded altar of an unknown god.
  1054 | D:2      | Reached XP level 3. HP: 21/21 MP: 4/4
  1147 | D:2      | Found a glowing silver altar of Zin.
  1543 | D:2      | Noticed Sigmund
  1556 | D:2      | Killed from afar by Sigmund

Illustrated notes

Levels and vault maps discovered:
D:1:      heliophobic_arrival_battle_scene, layout_basic,
          hellmonk_ecumenical_altar_leap_of_faith, st_stairs_3
D:2:      layout_basic, basic_altar, serial_rivers,
          chequers_serial_rivers_large_b, chequers_serial_rivers_small_b,
          chequers_serial_rivers_micro_e, chequers_serial_rivers_large_a,
          chequers_serial_rivers_micro_a, chequers_serial_rivers_micro_d,
          uniq_sigmund

Skill      XL: |  1  2  3 |
---------------+----------+-----
Short Blades   | 3 4 |  4.1
Fighting       | |  2.0
Throwing       | |  2.0
Dodging        | |  1.1
Stealth        | |  4.0

Action                   || total
-------------------------++-------
Melee: Dagger            ||    47
       Kick              ||     9
       Peck              ||     4
       Punch             ||     1
Throw: Dart              ||     2
  Use: Potion            ||     3
 Stab: Sleeping          ||     6
Armor: Robe              ||    14
Dodge: Dodged            ||    41
